 Dungeon Crawl Stone Soup version 0.20.1-1-g8b1a95d (webtiles) character file.

36194 greprep the Fighter (level 13, -9/124 HPs)
             Began as a Minotaur Fighter on July 23, 2017.
             Was an Elder of Ashenzari.
             Mangled by a death yak (18 damage)
             ... on level 13 of the Dungeon.
             The game lasted 00:41:08 (18042 turns).

greprep the Fighter (Minotaur Fighter)             Turns: 18042, Time: 00:41:09

Health: -9/124     AC: 11    Str: 24    XL:     13   Next: 51%
Magic:  4/4        EV: 18    Int:  9    God:    Ashenzari [****..]
Gold:   2228       SH:  7    Dex: 11    Spells: 12/12 levels left

rFire    . . .     SeeInvis +   J - +0 war axe (antimagic)
rCold    . . .     Gourm    .   w - +0 buckler (curse)
rNeg     . . .     Faith    .   O - +0 troll leather armour
rPois    .         Spirit   .   (helmet restricted)
rElec    .         Reflect  .   A - +0 cloak
rCorr    .         Harm     .   (no gloves)
MR       +....     Clarity  +   v - +0 pair of boots
Stlth    +.........             (no amulet)
Regen    0.7/turn               N - +3 ring of protection
MPRegen  0.1/turn               W - ring "Jiqif" {+Fly MR+ Str+3}

@: no status effects
A: retaliatory headbutt, horns 2
a: Curse Item, Scrying, Renounce Religion, Evoke Flight


You were on level 13 of the Dungeon.
You worshipped Ashenzari.
Ashenzari was greatly pleased with you.
You were hungry.

You visited 1 branch of the dungeon, and saw 14 of its levels.
You also visited: Bailey.

You collected 2228 gold pieces.

Inventory:

Hand Weapons
 a - a +0 scimitar of flaming
 b - the cursed +0 flail of Suolil {pain, -Tele +Rage rN+}
   (You found it on level 9 of the Dungeon)

   In the hands of one skilled in necromantic magic, it inflicts extra damage on
   living creatures.
   It protects you from negative energy.
   It lets you go berserk.
   It prevents most forms of teleportation.
   It has a curse placed upon it.
 d - a +0 broad axe
 r - a +2 battleaxe
 J - a +0 antimagic war axe (weapon)
Armour
 c - a +0 shield
 t - a +0 large shield
 v - a +0 pair of boots (worn)
 w - a cursed +0 buckler (worn)
 y - a +2 plate armour of cold resistance
 A - a +0 cloak (worn)
 O - a +0 troll leather armour (worn)
Jewellery
 s - an uncursed ring of protection from cold
 H - a +3 ring of slaying
 N - a +3 ring of protection (left hand)
 W - the ring "Jiqif" (right hand) {+Fly MR+ Str+3}
   (You found it on level 12 of the Dungeon)

   [ring of protection from magic]

   It affects your strength (+3).
   It affects your resistance to hostile enchantments.
   It lets you fly.
Wands
 n - a wand of polymorph (5/24)
 B - a wand of acid (4/15)
 C - a wand of iceblast (6/15)
 I - a wand of paralysis (10/24)
 K - a wand of enslavement (5/24)
 P - a wand of iceblast (5/15)
 R - a wand of lightning (7/15)
 S - a wand of acid (12/15)
 U - a wand of random effects (15/48)
 X - a wand of lightning (9/15)
Scrolls
 e - 2 scrolls of teleportation
 h - 2 scrolls of brand weapon {unknown}
 l - 9 scrolls of remove curse
 m - 2 scrolls of immolation {unknown}
 p - 2 scrolls of enchant weapon {unknown}
 z - 2 scrolls of fog
 D - 2 scrolls of noise {unknown}
 E - 2 scrolls of amnesia
 G - 3 scrolls of enchant armour
 L - 3 scrolls of fear
 Q - a scroll of blinking {unknown}
 T - a scroll of magic mapping {unknown}
 V - a scroll of vulnerability {unknown}
 Z - a scroll of identify
Potions
 i - 2 potions of cancellation
 j - a potion of invisibility
 k - 3 potions of curing
 o - 3 potions of resistance
 F - 3 potions of brilliance
 M - 2 potions of haste
 Y - a potion of lignification {unknown}
Books
 u - a book of the Earth

   Spells                             Type                      Level
   a - Leda's Liquefaction            Hexes/Earth                  4
   b - Bolt of Magma                  Conjuration/Fire/Earth       5
   c - Statue Form                    Transmutation/Earth          6
   d - Iron Shot                      Conjuration/Earth            6
   e - Shatter                        Earth                        9
Comestibles
 f - 14 bread rations
 g - 6 meat rations
 q - 11 royal jellies
 x - 24 fruits


   Skills:
 + Level 14.3 Fighting
 + Level 14.0 Axes
 - Level 10.2 Armour
 - Level 12.2 Dodging
 - Level 10.9(12.9) Shields


You had 12 spell levels left.
You didn't know any spells.

Dungeon Overview and Level Annotations

Branches:
Dungeon (14/15)            Temple (0/1) D:6            Lair (0/6) D:9
    Orc (0/2) D:9          Vaults (0/5) D:13

Altars:
Ashenzari
Elyvilon
Gozag
Hepliaklqana
Makhleb
Nemelex Xobeh
Okawaru
Trog
Vehumet
Xom
Zin
The Shining One
Beogh

Shops:
D:8 %   D:9 %

Annotations:
D:10 exclusion: oklob plant


Innate Abilities, Weirdness & Mutations

You reflexively headbutt those who attack you in melee.
You have a pair of horns on your head.


Message History

Your Axes skill increases to level 14!
You slash the skeletal warrior! You slash the death yak!
The skeletal warrior hits you with a short sword!
* * * LOW HITPOINT WARNING * * *
The death yak gores you!
* * * LOW HITPOINT WARNING * * *
The death yak gores you.
* * * LOW HITPOINT WARNING * * *
Things that are here:
3 chunks of flesh; a hippogriff skeleton
There is a stone staircase leading up here.
The death yak gores you!!
* * * LOW HITPOINT WARNING * * *
You climb upwards.
You are feeling hungry.
There is a stone staircase leading down, spattered with blood here.
As you read the scroll of fear, it crumbles to dust.
You assume a fearsome visage.
The death yak resists with some effort.
The death yak gores you!!
You die...

# #...# #...........# #
#...####...........# #
#........((........#
###.......<((........#######
(.((........(..............#
......###(...........#######
......# #....(.......#
......# #(..(........#
......# #.......@Y...#
......# #............#
......# #............#
......# #...#######..#
......# #...# #..# ......#
#...# #..# ....†.# #...#
#..# ......# #...# #..#
......# #...# #..#


You could see a death yak.

Vanquished Creatures
  A hydra (D:14)
  Harold (D:10)
  4 vault guards
  2 centaur warriors
  6 two-headed ogres
  2 death yaks (D:14)
  7 unseen horrors
  Pikel (D:9)
  2 cyclopes (D:13)
  A manticore (D:13)
  A deep elf mage (D:13)
  Maurice (D:13)
  The ghost of vineage the Covered, a novice MiFi (D:5)
  2 gargoyles
  A centaur skeleton (D:13)
  An efreet (D:13)
  A komodo dragon (D:13)
  A freezing wraith (D:14)
  2 kobold demonologists (D:12)
  A tengu conjurer (D:10)
  4 trolls
  A hornet (D:13)
  6 hippogriffs
  7 slime creatures
  Sigmund (D:2)
  A shadow (D:11)
  2 vampires
  2 wyverns
  2 wraiths
  17 yaks
  3 hungry ghosts
  4 vampire mosquitoes
  An acid dragon (D:13)
  2 water moccasins
  A soldier ant (D:13)
  2 porcupines (D:9)
  10 orc warriors
  5 sky beasts
  3 ice beasts
  2 black bears
  3 eyes of draining
  2 phantoms
  A necrophage (D:8)
  3 ogres
  6 centaurs
  2 crocodiles
  6 big kobolds
  10 bullfrogs
  8 gnoll sergeants (Bailey)
  3 wyvern skeletons
  4 scorpions
  10 killer bees
  10 wights
  2 electric eels (D:12)
  3 howler monkeys
  7 crimson imps
  A centaur zombie (D:10)
  6 jellies
  11 orc priests
  6 gnoll shamans (Bailey)
  10 hounds
  13 orc wizards
  Terence (D:2)
  9 iguanas
  4 bullfrog skeletons
  10 worker ants
  2 hound zombies
  15 gnolls
  14 adders
  A shadow imp (D:11)
  An ooze (D:2)
  3 adder skeletons
  3 worms
  4 dart slugs
  5 leopard geckos
  39 orcs
  2 ball pythons
  9 bats
  7 giant cockroaches
  15 goblins
  8 hobgoblins
  14 jackals
  27 kobolds
  5 quokkas
  3 frilled lizards
  2 quokka skeletons
  13 rats
458 creatures vanquished.

Vanquished Creatures (others)
  A hippogriff (D:13)
  2 slaves (D:9)
  An adder (D:9)
  11 fungi (D:9)
  4 plants (D:9)
19 creatures vanquished.

Grand Total: 477 creatures vanquished

Notes
Turn   | Place    | Note
-------+----------+-------------------------------------------
     0 | D:1      | greprep the Minotaur Fighter began the quest for the Orb.
     0 | D:1      | Reached XP level 1. HP: 19/19 MP: 0/0
   165 | D:1      | Reached XP level 2. HP: 27/27 MP: 1/1
   537 | D:1      | Reached XP level 3. HP: 34/34 MP: 2/2
   911 | D:2      | Noticed Sigmund
   939 | D:2      | Killed Sigmund
   939 | D:2      | Reached skill level 5 in Axes
   939 | D:2      | Reached XP level 4. HP: 24/44 MP: 3/3
   939 | D:2      | Reached XP level 5. HP: 28/50 MP: 4/4
  1325 | D:2      | Found a glowing golden altar of the Shining One.
  1325 | D:2      | Noticed Terence
  1346 | D:2      | Killed Terence
  1444 | D:2      | Reached XP level 6. HP: 57/57 MP: 5/5
  2498 | D:4      | Found a shattered altar of Ashenzari.
  2750 | D:4      | Found a hazy altar of Hepliaklqana.
  2751 | D:4      | Found a shimmering altar of Xom.
  2751 | D:4      | Noticed a yak
  2752 | D:4      | Noticed a yak
  2752 | D:4      | Noticed a spectral ugly thing
  2777 | D:4      | Reached XP level 7. HP: 66/66 MP: 6/6
  2779 | D:4      | Found an iron altar of Okawaru.
  3295 | D:4      | Became a worshipper of Ashenzari the Shackled
  3763 | D:4      | Found a burning altar of Makhleb.
  3858 | D:5      | Entered Level 5 of the Dungeon
  3908 | D:5      | Reached skill level 1 in Dodging
  4201 | D:5      | Reached skill level 5 in Armour
  4300 | D:5      | Noticed vineage's ghost (novice MiFi)
  4313 | D:5      | Killed vineage's ghost
  4313 | D:5      | Reached XP level 8. HP: 38/74 MP: 7/7
  4364 | D:5      | Found a sparkling altar of Nemelex Xobeh.
  4482 | D:5      | Found a radiant altar of Vehumet.
  5061 | D:6      | Reached skill level 5 in Dodging
  5105 | D:6      | Reached * piety under Ashenzari
  5462 | D:6      | You fall through a shaft!
  5498 | D:6      | Found a staircase to the Ecumenical Temple.
  5515 | D:7      | Reached XP level 9. HP: 33/80 MP: 8/8
  6869 | D:6      | Found a bloodstained altar of Trog.
  7030 | D:6      | Reached skill level 10 in Armour
  7637 | D:7      | Found a white marble altar of Elyvilon.
  8592 | D:8      | Found Zilo Asa's Food Emporium.
  8789 | D:8      | Noticed a troll
  8801 | D:8      | Killed a troll
  8801 | D:8      | Reached skill level 5 in Shields
  8801 | D:8      | Reached XP level 10. HP: 66/87 MP: 3/9
  9111 | D:9      | Got the cursed flail of Suolil {pain, -Tele +Rage rN+}
  9120 | D:9      | Noticed a two-headed ogre
  9128 | D:9      | Killed a two-headed ogre
  9132 | D:9      | Reached skill level 10 in Dodging
  9348 | D:9      | Found a staircase to the Lair.
  9486 | D:9      | Reached ** piety under Ashenzari
  9636 | D:9      | Found Koewenei's Food Shoppe.
  9739 | D:9      | Noticed Pikel
  9752 | D:9      | Killed Pikel
  9755 | D:9      | Found a staircase to the Orcish Mines.
  9892 | D:9      | Found an opulent altar of Gozag.
  9893 | D:9      | Found a glowing silver altar of Zin.
 10220 | D:10     | Entered Level 10 of the Dungeon
 10326 | D:10     | Found an opulent altar of Gozag.
 10326 | D:10     | Noticed an oklob plant
 10365 | D:10     | Reached XP level 11. HP: 93/93 MP: 3/10
 10736 | D:10     | Noticed Harold
 10753 | D:10     | Killed Harold
 10842 | D:10     | Killed an unseen horror
 10842 | D:10     | Reached skill level 10 in Shields
 10964 | D:10     | Killed an unseen horror
 11869 | D:11     | Found a flagged portal.
 11891 | Bailey   | Entered a bailey
 12802 | D:11     | Reached *** piety under Ashenzari
 13446 | D:11     | Found a roughly hewn altar of Beogh.
 13738 | D:12     | Noticed a two-headed ogre
 13745 | D:12     | Killed a two-headed ogre
 14008 | D:12     | Reached XP level 12. HP: 106/106 MP: 3/11
 14160 | D:12     | Reached skill level 10 in Fighting
 14194 | D:12     | Noticed a two-headed ogre
 14205 | D:12     | Killed a two-headed ogre
 14275 | D:12     | Noticed a two-headed ogre
 14305 | D:12     | Killed a two-headed ogre
 14305 | D:12     | Reached skill level 10 in Axes
 14375 | D:12     | Identified the ring "Jiqif" {+Fly MR+ Str+3}
 15439 | D:13     | Found a gate to the Vaults.
 15439 | D:13     | Noticed a vault guard
 15439 | D:13     | Noticed a two-headed ogre
 15439 | D:13     | Noticed a vault guard
 15439 | D:13     | Noticed a vault guard
 15439 | D:13     | Noticed a vault guard
 15452 | D:13     | Killed a two-headed ogre
 15473 | D:13     | Killed a vault guard
 15515 | D:13     | Noticed a centaur warrior
 15774 | D:13     | Noticed Maurice
 15951 | D:12     | Killed a vault guard
 16114 | D:12     | Killed a vault guard
 16164 | D:12     | Killed a vault guard
 16310 | D:13     | Killed Maurice
 16418 | D:13     | Reached XP level 13. HP: 114/119 MP: 4/12
 17523 | D:14     | Reached **** piety under Ashenzari
 17548 | D:14     | HP: 3/122 [death knight/glaive (9)]
 18042 | D:13     | Mangled by a death yak

Skill      XL: |  1  2  3  4  5  6  7  8  9 10 11 12 13 |
---------------+----------------------------------------+-----
Fighting       | 4 6 7 9 12 14 | 14.3
Axes           | 3 5 6 7 9 12 14 | 14.0
Armour         | 6 8 10 | 10.2
Dodging        | 4 6 9 11 12 | 12.2
Shields        | 5 9 10 | 10.9

Action                   |  1- 3 |  4- 6 |  7- 9 | 10-12 | 13-15 || total
-------------------------+-------+-------+-------+-------+-------++-------
Melee: War axe           |    85 |   145 |   328 |   816 |   210 ||  1584
       Headbutt          |     8 |    23 |    63 |   206 |    54 ||   354
       Unarmed           |     6 |       |       |       |       ||     6
       Scimitar          |       |       |       |       |    12 ||    12
  Use: Potion            |     1 |       |     3 |     7 |       ||    11
       Scroll            |       |       |       |    14 |     6 ||    20
  Eat: Chunk             |       |     6 |    10 |    17 |     1 ||    34
       Bread ration      |       |       |     2 |     2 |       ||     4
       Fruit             |       |       |       |     3 |       ||     3
       Meat ration       |       |       |       |       |     1 ||     1
Armor: Scale mail        |    49 |    58 |   107 |       |       ||   214
       Skin              |    12 |       |       |       |       ||    12
       Troll leather arm |       |       |       |   185 |    37 ||   222
Dodge: Dodged            |    68 |    32 |   186 |   622 |   148 ||  1056
Block: Shield            |    45 |    82 |    19 |       |       ||   146
       Buckler           |       |       |    57 |   300 |    64 ||   421
       Rpst.: Scimitar   |       |       |       |       |     3 ||     3
